 Dungeon Crawl Stone Soup version 0.22.0 (webtiles) character file.

3889 AymanAU the Slicer (level 10, -3/61 HPs)
             Began as a Kobold Berserker on Oct 26, 2018.
             Was a Priest of Trog.
             Slain by a killer bee (6 damage)
             ... on level 9 of the Dungeon.
             The game lasted 00:39:03 (10979 turns).

AymanAU the Slicer (Kobold Berserker)              Turns: 10979, Time: 00:39:04

Health: -3/61      AC:  4    Str: 20    XL:     10   Next: 42%
Magic:  10/10      EV: 16    Int:  8    God:    Trog [***...]
Gold:   423        SH:  6    Dex: 18    Spells: 9/9 levels left

rFire    . . .     SeeInvis .   a - +2 short sword (freeze)
rCold    + . .     Gourm    .   l - +1 buckler
rNeg     . . .     Faith    .   H - +0 troll leather armour {ok ?}
rPois    .         Spirit   .   (no helmet)
rElec    .         Reflect  .   (no cloak)
rCorr    .         Harm     .   (no gloves)
MR       ++...                  (no boots)
Stlth    +++.......             (no amulet)
HPRegen  1.60/turn              p - ring of protection from cold
MPRegen  0.12/turn              (no ring)

@: mighty, lethally poisoned (-3 -> -10), berserk cooldown, regenerating,
slowed, very slow
A: small, carnivore
a: Berserk, Trog's Hand, Renounce Religion


You were on level 9 of the Dungeon.
You worshipped Trog.
Trog was most pleased with you.
You were full.

You visited 1 branch of the dungeon, and saw 9 of its levels.

You collected 423 gold pieces.

Inventory:

Hand Weapons
 a - a +2 short sword of freezing (weapon)
 b - a +0 blowgun
 B - a +0 falchion
 N - a +2 dagger of holy wrath
 O - a +0 blowgun
Missiles
 f - 321 stones (quivered)
 h - 65 bolts
 t - 21 tomahawks
 v - 34 poisoned needles
 C - 5 needles of confusion
 J - 2 needles of frenzy
 K - 3 needles of sleeping
Armour
 l - a +1 buckler (worn)
 r - a +0 robe
 y - the +11 plate armour of the Stars {rC+ Int+4 SInv, unknown}
   (You found it on level 4 of the Dungeon)

   It affects your intelligence (+4).
   It protects you from cold.
   It lets you see invisible.
 H - a +0 troll leather armour (worn) {ok ?}
Jewellery
 p - a ring of protection from cold (left hand)
 F - an uncursed amulet of harm
Wands
 I - a wand of polymorph (14)
Scrolls
 d - 2 scrolls of enchant weapon
 g - 3 scrolls of remove curse
 o - 4 scrolls of identify
 q - a scroll of random uselessness
Potions
 e - a potion of ambrosia {unknown}
 k - 2 potions of cancellation
 n - 3 potions of heal wounds
 s - a potion of flight {unknown}
 w - a potion of agility {unknown}
 x - a potion of brilliance {unknown}
 A - a potion of might
 D - a potion of resistance {unknown}
 E - a potion of curing {unknown}
 G - a potion of degeneration {unknown}
 L - a potion of berserk rage {unknown}
Comestibles
 c - 13 rations


   Skills:
 - Level 6.9 Fighting
 - Level 12.0(13.6) Short Blades
 - Level 7.1(8.8) Long Blades
 - Level 1.5 Armour
 + Level 4.6 Dodging
 - Level 4.5 Stealth


You had 9 spell levels left.
You didn't know any spells.
Your spell library contained the following spells:

 Spells                   Type           Power        Failure   Level  Hunger
 Spider Form              Tmut/Pois      #.........   95%         3    ####...
 Blade Hands              Tmut           #.........   100%        5    ######.
 Ice Form                 Ice/Tmut       #.......     100%        4    #####..
 Sticks to Snakes         Tmut           #.......     78%         2    ###....
 Beastly Appendage        Tmut           #.....       65%         1    ##.....


Dungeon Overview and Level Annotations

Branches:
Dungeon (9/15)             Temple (0/1) D:7             Orc (0/2) D:9
   Lair: D:8-11

Altars:
Ashenzari
Dithmenos
Elyvilon
Fedhas
Gozag
Hepliaklqana
Nemelex Xobeh
Okawaru
Ru
Trog
Xom
Yredelemnul
Zin

Shops:
D:7 *   D:9 :

Annotations:
D:4 2 transporters
D:7 2 transporters, BigChef's ghost, novice DsCK


Innate Abilities, Weirdness & Mutations

You are small and have problems with some larger weapons.
You are carnivorous and can eat meat at any time.


Message History

Okay, then.
Okay, then.
Your skin crawls.
You feel resistant to hostile enchantments.
You feel very sick. The killer bee closely misses you.
A killer bee comes into view.
The killer bee stings you.
* * * LOW HITPOINT WARNING * * *
You block the killer bee's attack. x2
A killer bee comes into view.
The killer bee barely misses you. The killer bee closely misses you. x2
The killer bee stings you.
* * * LOW HITPOINT WARNING * * *
The killer bee closely misses you.
The killer bee moves out of view.
Okay, then.
* * * LOW HITPOINT WARNING * * *
You feel very sick.
You block the killer bee's attack. x2; The killer bee stings you.
You die...

#.....# ...
#.##### ... #.#
##.. #.#
...######Z###.#
#..#..........#
##..#.####.###.#
#y.†#y####.#
#...yyy@...#
#.....#)######
.......#.....<#
.......########
#######


You could see 5 killer bees.

Vanquished Creatures
  A troll (D:7)
  A hippogriff (D:7)
  2 hungry ghosts
  A two-headed ogre zombie (D:9)
  Duvessa (D:6)
  An ice beast (D:8)
  A phantom (D:7)
  6 centaurs
  3 ogres
  Blork the orc (D:6)
  4 bullfrogs
  A big kobold (D:8)
  Dowan (D:6)
  A water moccasin skeleton (D:8)
  3 scorpions
  2 killer bees (D:9)
  3 crimson imps
  A quasit (D:6)
  9 orc priests
  7 hounds
  4 orc wizards
  A jelly (D:6)
  A centaur skeleton (D:5)
  6 worker ants
  2 iguanas
  3 ogre zombies (D:9)
  A hound zombie (D:7)
  A hound skeleton (D:8)
  7 gnolls
  10 adders
  A shadow imp (D:5)
  2 oozes
  An adder zombie (D:5)
  4 worms
  6 dart slugs
  4 leopard geckos
  36 orcs
  3 ball pythons
  4 bats
  7 giant cockroaches
  5 hobgoblins
  8 jackals
  3 quokkas
  6 frilled lizards
  3 goblins
  A hobgoblin skeleton (D:9)
  3 hobgoblin zombies (D:9)
  10 kobolds
  A leopard gecko skeleton (D:6)
  6 orc zombies (D:9)
  A quokka zombie (D:6)
  12 rats
213 creatures vanquished.

Notes
Turn   | Place    | Note
-------+----------+-------------------------------------------
     0 | D:1      | AymanAU the Kobold Berserker began the quest for the Orb.
     0 | D:1      | Reached XP level 1. HP: 14/14 MP: 1/1
    19 | D:1      | Reached skill level 1 in Stealth
   316 | D:1      | Reached XP level 2. HP: 12/19 MP: 2/2
   789 | D:1      | Reached XP level 3. HP: 21/23 MP: 3/3
  1405 | D:2      | Reached ** piety under Trog
  1727 | D:2      | Reached XP level 4. HP: 21/28 MP: 4/4
  1775 | D:2      | Found a shattered altar of Ashenzari.
  2226 | D:2      | Reached XP level 5. HP: 18/32 MP: 5/5
  2536 | D:3      | Found a shadowy altar of Dithmenos.
  2562 | D:3      | Found a sparkling altar of Nemelex Xobeh.
  2676 | D:3      | Found an opulent altar of Gozag.
  3317 | D:3      | Reached XP level 6. HP: 35/37 MP: 6/6
  3359 | D:3      | Found a hazy altar of Hepliaklqana.
  4045 | D:4      | Reached skill level 5 in Long Blades
  4103 | D:4      | Found an iron altar of Okawaru.
  4203 | D:4      | Noticed an ogre
  4209 | D:4      | Killed an ogre
  4209 | D:4      | Reached XP level 7. HP: 41/41 MP: 7/7
  4377 | D:4      | Found a transporter.
  4586 | D:4      | Found a shimmering altar of Xom.
  4606 | D:4      | Got a transparent plate armour
  4943 | D:4      | Found a transporter.
  5122 | D:5      | Entered Level 5 of the Dungeon
  5314 | D:5      | Reached XP level 8. HP: 46/46 MP: 8/8
  5844 | D:5      | Found a glowing silver altar of Zin.
  5979 | D:5      | Reached skill level 2 in Short Blades
  6337 | D:5      | Reached skill level 3 in Short Blades
  6501 | D:6      | Reached skill level 4 in Short Blades
  6604 | D:5      | Reached *** piety under Trog
  6798 | D:6      | Reached skill level 5 in Short Blades
  7098 | D:6      | Reached skill level 6 in Short Blades
  7477 | D:6      | Noticed Blork the orc
  7494 | D:6      | Killed Blork the orc
  7494 | D:6      | Reached skill level 7 in Short Blades
  7548 | D:6      | Noticed Duvessa
  7549 | D:6      | Noticed Dowan
  7559 | D:6      | Killed Duvessa
  7559 | D:6      | Reached XP level 9. HP: 51/51 MP: 9/9
  7562 | D:6      | Killed Dowan
  7562 | D:6      | Reached skill level 8 in Short Blades
  7713 | D:6      | Reached skill level 9 in Short Blades
  8492 | D:7      | Reached skill level 10 in Short Blades
  8567 | D:7      | Found a staircase to the Ecumenical Temple.
  8598 | D:7      | Found Ciuzac's Assorted Antiques.
  8598 | D:7      | Noticed a troll
  8616 | D:7      | Killed a troll
  8951 | D:7      | Found a transporter.
  9128 | D:7      | Found a transporter.
  9128 | D:7      | Noticed BigChef's ghost (novice DsCK)
  9141 | D:7      | Reached skill level 11 in Short Blades
  9371 | D:7      | Noticed a hippogriff
  9379 | D:7      | Killed a hippogriff
  9478 | D:7      | Reached skill level 12 in Short Blades
  9563 | D:7      | Found a blossoming altar of Fedhas.
  9804 | D:8      | Reached XP level 10. HP: 56/56 MP: 10/10
  9844 | D:8      | Found a sacrificial altar of Ru.
 10049 | D:8      | Received a gift from Trog
 10049 | D:8      | Reached skill level 5 in Fighting
 10406 | D:8      | Found a white marble altar of Elyvilon.
 10406 | D:8      | Found a basalt altar of Yredelemnul.
 10429 | D:8      | Found a faded altar of an unknown god.
 10431 | D:8      | Found a bloodstained altar of Trog.
 10433 | D:8      | Found a faded altar of an unknown god.
 10853 | D:9      | Found Ilocko's Book Shop.
 10857 | D:9      | Found a staircase to the Orcish Mines.
 10939 | D:9      | Reached **** piety under Trog
 10979 | D:9      | HP: 3/61 [poisoned by a killer bee]
 10979 | D:9      | Slain by a killer bee

Skill      XL: |  1  2  3  4  5  6  7  8  9 10 |
---------------+-------------------------------+-----
Stealth        | 2 3 4 |  4.5
Long Blades    | 3 4 5 6 7 |  7.1
Short Blades   | 7 12 | 12.0
Fighting       | 4 6 |  6.9
Dodging        | 4 |  4.6
Armour         | |  1.5

Action                   |  1- 3 |  4- 6 |  7- 9 | 10-12 || total
-------------------------+-------+-------+-------+-------++-------
Melee: Falchion          |    96 |   198 |    82 |       ||   376
       Dagger            |       |       |   329 |   100 ||   429
       Short sword       |       |       |       |    93 ||    93
 Fire: Blowgun           |       |       |       |    22 ||    22
Throw: Stone             |       |       |    10 |    14 ||    24
Invok: Berserk           |     6 |     8 |    23 |     7 ||    44
       Trog's Hand       |       |     4 |     3 |     3 ||    10
  Use: Potion            |       |       |     1 |     7 ||     8
       Scroll            |       |       |     2 |     5 ||     7
 Stab: Sleeping          |    11 |     9 |    10 |       ||    30
       Distracted        |       |     1 |       |       ||     1
  Eat: Chunk             |    16 |    17 |    40 |    12 ||    85
Armor: Animal skin       |    13 |    18 |     2 |       ||    33
       Robe              |       |       |     5 |       ||     5
       Troll leather arm |       |       |     8 |    20 ||    28
Dodge: Dodged            |    65 |   142 |   159 |   121 ||   487
Block: Buckler           |       |       |    54 |    48 ||   102
       Rpst.: Falchion   |    15 |    36 |    15 |       ||    66
